Map: [ESL] Cosmic Sapphire

Players

Serral - Winner!

  • Race: Zerg Zerg
  • Spawn Location: 11:00

Clem

  • Race: Terran Terran
  • Spawn Location: 5:00

Event: DreamHack SC2 Masters 2022 Atlanta (Online)

VOD

Have the link to the VOD?

Description

Time

  • Played on: Oct. 11, 2022, 3 p.m.
  • Length: 20:24

All games in this series

Show
View Real Time Build Order
Export as new Build Order

Serral Zerg - Winner!

Build Orders: Hatch First 

Get SALT Encoding   

  12  0:00  Drone  
  13  0:12  Overlord  
  13  0:16  Drone  
  14  0:30  Drone x2  
  16  0:47  Hatchery  
  15  0:51  Drone  
  15  0:54  Drone  
  17  0:57  Drone  
  18  1:09  Extractor  
  17  1:12  Spawning Pool  
  17  1:16  Drone  
  17  1:19  Drone  
  18  1:27  Drone  
  19  1:38  Drone  
  20  1:48  Drone  
  21  1:59  Queen x2  
  21  2:00  Zergling x4  
  27  2:10  Overlord  
  27  2:11  Drone  
  28  2:21  Hatchery  
  27  2:24  Drone  
  27  2:29  Drone  
  29  2:32  Drone x2  
  31  2:38  Metabolic Boost  
  30  2:44  Queen  
  30  2:48  Overlord  
  32  2:52  Drone  
  32  2:53  Drone  
  32  2:54  Drone  
  35  3:03  Overlord  
  35  3:08  Drone x3  
  35  3:10  Drone  
  35  3:12  Queen  
  39  3:15  Drone  
  42  3:20  Drone  
  42  3:22  Queen  
  42  3:25  Drone  
  46  3:33  Queen  
  46  3:34  Overlord  
  48  3:38  Drone x3  
  51  3:44  Zergling x2  
  51  3:45  Zergling x2  
  51  3:46  Drone x2  
  55  3:49  Queen  
  55  3:52  Overlord  
  55  3:54  Drone  
  58  3:59  Queen  
  58  4:02  Overlord  
  60  4:05  Zergling x2  
  60  4:06  Drone  
  60  4:07  Drone  
  60  4:09  Zergling x2  
  64  4:11  Overlord  
  64  4:13  Drone  
  64  4:16  Drone  
  66  4:21  Zergling x2  
  66  4:22  Drone  
  68  4:27  Drone  
  68  4:29  Drone x2  
  68  4:30  Drone  
  72  4:31  Lair  
  72  4:32  Drone  
  72  4:33  Drone  
  72  4:34  Extractor  
  72  4:35  Baneling Nest  
  72  4:40  Zergling x2  
  72  4:44  Zergling x4  
  72  4:45  Drone x3  
  76  4:46  Queen  
  76  4:50  Overlord  
  79  5:04  Hatchery  
  79  5:05  Zergling x6  
  76  5:09  Drone x7  
  76  5:10  Spore Crawler x2  
  76  5:11  Spore Crawler  
  76  5:13  Drone  
  76  5:14  Drone  
  81  5:15  Drone x2  
  81  5:19  Zergling x4  
  85  5:26  Drone  
  85  5:28  Extractor, Evolution Chamber x2  
  83  5:29  Overseer, Drone x2  
  83  5:31  Overseer  
  83  5:35  Centrifugal Hooks  
  85  5:36  Extractor  
  85  5:37  Drone  
  85  5:40  Drone x2  
  85  5:41  Drone x3  
  90  5:43  Overseer  
  90  5:45  Drone x3  
  90  5:48  Zergling x2  
  92  5:53  Drone x2  
  92  5:56  Drone x3  
  97  6:03  Zerg Melee Weapons Level 1, Extractor  
  96  6:04  Overlord  
  96  6:05  Drone  
  96  6:07  Overlord  
  97  6:16  Queen, Overlord x3  
  99  6:19  Zerg Ground Armor Level 1, Hatchery  
  99  6:21  Drone x3  
  99  6:24  Zergling x2  
  99  6:25  Zergling x6  
  105  6:27  Baneling x4  
  105  6:30  Spore Crawler  
  105  6:31  Zergling x6  
  105  6:32  Zergling x2  
  108  6:34  Zergling x2  
  108  6:37  Baneling x5  
  108  6:39  Drone x4  
  113  6:42  Drone x2  
  113  6:45  Drone  
  113  6:46  Drone  
  117  6:48  Zergling x12  
  117  6:51  Overlord  
  121  6:54  Drone x2  
  121  6:55  Drone  
  121  6:56  Zergling x2  
  121  6:58  Zergling x2  
  125  7:04  Zergling x2  
  125  7:05  Zergling x2  
  125  7:09  Zergling x2  
  125  7:10  Zergling x6  
  125  7:11  Baneling x3  
  125  7:15  Drone  
  129  7:18  Drone  
  129  7:20  Hydralisk Den, Zergling x16, Hatchery  
  135  7:29  Zergling x10  
  140  7:31  Overlord  
  140  7:34  Zergling x6, Pneumatized Carapace  
  140  7:36  Baneling  
  140  7:37  Baneling x4  
  143  7:42  Zergling x6  
  143  7:44  Baneling x8  
  146  7:46  Zergling x8  
  150  7:55  Drone x3  
  150  7:57  Muscular Augments  
  153  7:58  Drone x2  
  153  8:04  Zergling x24  
  153  8:07  Baneling x9  
  153  8:08  Baneling x2  
  153  8:09  Baneling x7  
  146  8:13  Zergling x10  
  146  8:18  Zergling x8  
  148  8:22  Zerg Melee Weapons Level 2  
  148  8:23  Zergling x2  
  134  8:27  Zergling x12  
  134  8:31  Zergling x14  
  134  8:32  Baneling x6  
  146  8:38  Zergling x12  
  152  8:41  Baneling x2  
  152  8:47  Zergling x16  
  148  8:57  Zergling x12  
  150  9:03  Drone  
  150  9:04  Drone  
  150  9:05  Hydralisk x3  
  150  9:06  Hydralisk x4  
  150  9:08  Grooved Spines, Overlord  
  150  9:09  Baneling x4  
  164  9:12  Overlord  
  164  9:17  Overlord  
  164  9:22  Baneling x7  
  164  9:24  Baneling  
  164  9:26  Spore Crawler, Overlord x2  
  164  9:27  Extractor  
  164  9:28  Extractor  
  160  9:35  Drone x5  
  160  9:36  Drone  
  165  9:42  Zergling x28  
  172  9:46  Zergling x4  
  172  9:47  Zergling x2  
  172  9:58  Drone  
  172  9:59  Drone x2  
  170  10:00  Drone x3  
  170  10:01  Drone x3  
  170  10:02  Zerg Ground Armor Level 2  
  170  10:03  Zergling x8  
  170  10:04  Zergling x8  
  170  10:05  Infestation Pit  
  170  10:06  Baneling x7  
  183  10:09  Zergling x2  
  183  10:10  Zergling x6  
  183  10:12  Baneling x6  
  182  10:16  Overseer  
  180  10:24  Zergling x22  
  185  10:31  Zergling x16  
  161  10:36  Zergling x2  
  161  10:37  Zergling x10  
  165  10:43  Baneling x3  
  165  10:44  Hive  
  165  10:45  Zergling x8  
  165  10:49  Zerg Missile Weapons Level 1  
  169  10:53  Zergling x16  
  177  11:02  Zergling x22  
  187  11:06  Baneling x7  
  187  11:11  Zergling x12, Burrow  
  187  11:15  Baneling  
  187  11:16  Baneling x9  
  185  11:31  Zergling x38  
  190  11:36  Baneling x2  
  190  11:37  Baneling x13  
  176  11:47  Overlord  
  176  11:49  Zergling x26  
  189  11:55  Baneling x7  
  189  11:59  Zergling x2  
  189  12:00  Zergling x18  
  171  12:09  Zergling x22  
  171  12:12  Viper  
  171  12:13  Viper  
  171  12:15  Drone  
  188  12:19  Adrenal Glands  
  188  12:21  Zergling x2  
  188  12:22  Zergling x12  
  189  12:28  Zerg Ground Armor Level 3  
  182  12:39  Zergling x16  
  187  12:47  Zergling x26  
  187  12:48  Lurker Den  
  195  12:53  Hatchery  
  195  12:56  Baneling x5  
  194  13:00  Zerg Missile Weapons Level 2  
  194  13:05  Zergling x2  
  194  13:06  Zergling x10  
  194  13:12  Baneling x7  
  200  13:13  Baneling  
  199  13:27  Baneling x12  
  199  13:31  Unknown  
  199  13:32  Zergling x2, Drone  
  199  13:34  Baneling, Hatchery  
  200  13:41  Zergling x4  
  199  13:46  Baneling x4  
  199  13:47  Seismic Spines, Baneling  
  199  13:49  Zergling x2  
  189  13:56  Zergling x22  
  199  14:07  Zergling x12  
  197  14:12  Zergling x18  
  165  14:26  Zergling x42  
  185  14:34  Baneling x6  
  185  14:35  Zergling x18  
  194  14:42  Overseer, Overlord x2  
  194  14:44  Adaptive Talons  
  194  14:49  Baneling x12  
  194  14:50  Baneling x3, Overseer  
  194  14:52  Overlord  
  194  14:54  Baneling x2  
  190  15:08  Lurker x5, Hydralisk x3  
  199  15:17  Zerg Melee Weapons Level 3, Zerg Missile Weapons Level 3  
  198  15:23  Overseer  
  198  15:24  Pathogen Glands  
  198  15:26  Zergling x4  
  199  15:39  Zergling x2  
  176  15:51  Hatchery  
  176  15:55  Zergling x20  
  176  15:56  Zergling x8  
  164  15:57  Zergling x40  
  182  16:11  Zergling x34  
  199  16:13  Baneling x16  
  199  16:21  Neural Parasite  
  199  16:26  Baneling x8  
  199  16:27  Baneling x6  
  199  16:41  Baneling x7  
  199  16:45  Zergling x4  
  199  16:58  Overseer  
  196  17:06  Zergling x8  
  199  17:11  Spore Crawler, Drone  
  198  17:15  Baneling x6  
  198  17:16  Baneling x7  
  183  17:25  Zergling x2  
  183  17:26  Zergling x50  
  191  17:32  Zergling x16  
  191  17:33  Infestor  
  191  17:38  Overseer  
  191  17:39  Baneling  
  191  17:40  Baneling x13  
  191  17:44  Infestor x2  
  191  17:46  Zergling x10  
  196  17:53  Zergling x4  
  196  17:54  Zergling x14  
  196  17:57  Zergling x8  
  193  18:07  Zergling x2  
  193  18:08  Zergling x14  
  196  18:18  Zergling x2  
  196  18:19  Zergling x8  
  199  18:26  Zergling x14  
  199  18:27  Zergling x22  
  198  18:32  Infestor x2  
  194  18:38  Zergling x26  
  200  18:41  Baneling x9  
  186  18:50  Zergling x30  
  182  19:04  Zergling x30  
  189  19:14  Baneling x4  
  189  19:15  Baneling x3  
  187  19:19  Baneling x9  
  187  19:20  Baneling x3, Hydralisk x6  
  199  19:24  Baneling  
  199  19:25  Baneling x7  
  196  19:33  Zergling x8  
  196  19:37  Baneling x8  
  197  19:38  Infestor  
  194  19:47  Zergling x8  
  194  19:48  Zergling x6  
  199  19:56  Zergling x8  
  199  20:02  Zergling x2  
  199  20:03  Zergling x2  
Show
View Real Time Build Order
Export as new Build Order

Clem Terran 

Build Orders: Reaper Expand, Hellion Banshee 

Get SALT Encoding   

  12  0:00  SCV  
  13  0:12  SCV  
  14  0:16  Supply Depot  
  14  0:24  SCV  
  15  0:38  SCV  
  15  0:39  Barracks  
  16  0:43  Refinery  
  16  0:50  SCV  
  17  1:02  SCV  
  18  1:14  SCV  
  19  1:26  Reaper, Orbital Command  
  20  1:38  Command Center  
  20  1:47  Supply Depot  
  20  1:51  SCV  
  21  1:58  Marine  
  22  2:03  SCV  
  23  2:10  Factory  
  23  2:16  SCV  
  23  2:20  Barracks Reactor  
  24  2:28  SCV  
  25  2:38  Command Center  
  25  2:40  SCV  
  26  2:50  Orbital Command  
  26  2:52  SCV  
  27  2:58  Starport  
  27  3:02  Refinery  
  27  3:05  SCV  
  28  3:10  Hellion  
  30  3:15  Hellion, SCV  
  30  3:18  SCV  
  30  3:19  Barracks Tech Lab  
  34  3:27  SCV  
  34  3:30  SCV  
  34  3:31  Hellion  
  38  3:36  Hellion  
  38  3:40  SCV  
  38  3:41  Banshee  
  44  3:42  SCV  
  45  3:50  Orbital Command  
  45  3:52  SCV  
  45  3:53  Cloaking Field  
  46  3:56  SCV  
  46  3:57  Hellion  
  46  3:59  Hellion  
  51  4:04  Supply Depot  
  51  4:06  SCV  
  51  4:09  Barracks Tech Lab  
  52  4:11  SCV  
  52  4:16  SCV  
  54  4:18  SCV  
  54  4:22  Hellion  
  54  4:23  Hellion, SCV  
  60  4:27  Banshee  
  60  4:28  SCV  
  60  4:30  SCV  
  65  4:32  Supply Depot  
  65  4:35  SCV, Stimpack  
  66  4:39  Barracks  
  66  4:42  Barracks  
  66  4:43  Orbital Command  
  66  4:46  SCV  
  66  4:47  Marine  
  66  4:48  SCV, Refinery  
  66  4:52  Factory Reactor  
  69  4:54  Supply Depot  
  69  4:58  SCV  
  69  4:59  Engineering Bay x2  
  70  5:00  SCV  
  70  5:05  Marine  
  72  5:10  SCV  
  72  5:12  Refinery, SCV  
  72  5:15  SCV  
  73  5:22  SCV, Barracks  
  73  5:23  Barracks, Marine  
  73  5:24  SCV  
  73  5:26  Supply Depot  
  73  5:27  SCV, Starport Reactor  
  77  5:34  SCV  
  77  5:35  Terran Infantry Weapons Level 1  
  78  5:36  SCV, Terran Infantry Armor Level 1  
  78  5:38  Marine x2  
  78  5:39  Supply Depot, Factory Reactor  
  78  5:40  SCV  
  82  5:45  Marine  
  82  5:46  SCV, Marine  
  82  5:48  SCV  
  86  5:51  Supply Depot  
  86  5:52  SCV, Marine  
  86  5:56  Marine x2  
  90  5:58  SCV  
  90  6:00  SCV  
  90  6:02  Supply Depot  
  90  6:03  Marine  
  90  6:04  SCV, Medivac x2  
  94  6:10  Supply Depot, SCV  
  94  6:11  Barracks Reactor x2  
  99  6:12  SCV  
  99  6:16  SCV  
  99  6:18  Widow Mine x2  
  105  6:19  Supply Depot, Marine x3  
  105  6:24  SCV  
  105  6:25  Refinery, SCV  
  109  6:26  Supply Depot  
  109  6:28  Factory  
  109  6:30  Combat Shield  
  109  6:31  SCV  
  111  6:37  Marine x3  
  111  6:38  Supply Depot  
  114  6:40  SCV  
  117  6:47  Widow Mine x2  
  117  6:49  Command Center  
  117  6:51  Marine x2  
  117  6:52  Marine x2  
  117  6:53  Marine  
  124  6:57  Armory  
  124  7:00  Marine x2  
  126  7:09  Widow Mine x2  
  126  7:11  Refinery  
  126  7:12  Marine  
  126  7:13  Marine x6  
  126  7:15  Widow Mine  
  139  7:18  Medivac, Marine x2  
  139  7:19  Supply Depot  
  140  7:28  Medivac  
  142  7:30  Marine  
  142  7:31  Supply Depot, Marine x6  
  149  7:41  Widow Mine, Marine x2  
  149  7:42  Supply Depot  
  149  7:43  Supply Depot  
  153  7:46  Terran Infantry Weapons Level 2  
  153  7:47  Drilling Claws  
  153  7:48  Medivac, Marine  
  153  7:49  Marine  
  157  7:53  Widow Mine x2  
  157  7:56  Marine  
  157  7:57  Marine  
  163  7:58  Medivac  
  163  8:01  Marine x2  
  163  8:04  Supply Depot  
  157  8:08  SCV x2  
  157  8:09  Marine x3  
  147  8:13  Marine  
  147  8:14  Widow Mine  
  147  8:15  Marine  
  147  8:18  Medivac  
  147  8:19  Marine  
  154  8:26  Widow Mine x2, Marine  
  137  8:27  Marine x2  
  137  8:28  Medivac  
  137  8:29  Terran Infantry Armor Level 2  
  137  8:31  SCV x3  
  142  8:38  Terran Vehicle And Ship Armor Level 1  
  142  8:41  Widow Mine  
  142  8:48  SCV, Medivac, Widow Mine  
  140  8:49  SCV, Marine x2  
  140  8:51  SCV  
  140  8:52  Bunker  
  140  8:54  Supply Depot  
  142  8:57  Widow Mine  
  142  8:58  Medivac  
  142  9:01  Marine x2  
  146  9:02  SCV  
  146  9:03  SCV  
  146  9:05  SCV  
  146  9:06  Bunker  
  146  9:07  Planetary Fortress  
  147  9:11  Widow Mine  
  147  9:13  Widow Mine  
  147  9:15  SCV x2  
  153  9:17  SCV  
  153  9:23  Barracks  
  154  9:27  SCV  
  154  9:28  SCV  
  154  9:29  SCV  
  157  9:31  Barracks  
  157  9:35  Barracks  
  157  9:38  Sensor Tower  
  153  9:39  SCV  
  153  9:41  Widow Mine, Marine x2  
  153  9:43  SCV x2  
  153  9:44  Marine x4  
  153  9:45  Marauder  
  161  9:50  SCV  
  151  9:54  Widow Mine  
  151  9:55  SCV  
  151  9:57  SCV  
  151  9:58  SCV  
  150  10:00  Marine x3  
  150  10:02  SCV  
  150  10:05  Widow Mine  
  150  10:07  SCV  
  153  10:09  SCV  
  153  10:10  Widow Mine, Marine x2  
  153  10:11  SCV  
  152  10:15  SCV  
  152  10:16  Supply Depot, Marine  
  152  10:19  SCV  
  152  10:20  Widow Mine  
  156  10:21  SCV  
  156  10:22  Barracks Tech Lab x2  
  156  10:23  SCV  
  156  10:26  Barracks Tech Lab, Marauder, Marine x2  
  160  10:29  Widow Mine  
  160  10:32  Marine  
  160  10:35  Widow Mine, Marine  
  137  10:37  Medivac, Marine x4  
  137  10:39  SCV x2  
  142  10:44  Terran Infantry Weapons Level 3, Marine x2  
  142  10:46  SCV  
  142  10:47  Marine x3  
  148  10:54  Command Center  
  148  10:55  SCV  
  149  10:57  Refinery  
  149  10:59  Widow Mine  
  149  11:00  Marauder  
  149  11:01  Marine  
  149  11:02  SCV  
  149  11:03  Marine x2  
  157  11:05  Widow Mine x2  
  157  11:09  SCV, Marine  
  163  11:16  SCV  
  164  11:21  Widow Mine  
  164  11:22  Medivac, Marine x4  
  164  11:23  Marauder x4, Marine x2  
  164  11:24  Marine  
  183  11:26  Widow Mine x2, Marine  
  183  11:30  Medivac  
  183  11:31  SCV  
  173  11:33  SCV, Bunker  
  173  11:36  Refinery  
  174  11:40  Marine x4  
  174  11:41  Marine  
  174  11:43  SCV x2  
  174  11:44  Sensor Tower  
  174  11:45  Refinery  
  174  11:46  Orbital Command  
  178  11:47  Widow Mine  
  178  11:48  Widow Mine  
  178  11:49  Marauder x3  
  178  11:52  SCV x2  
  190  11:54  Marine  
  190  11:56  Medivac  
  190  12:00  Medivac  
  191  12:03  SCV  
  191  12:04  Marine  
  191  12:05  Widow Mine  
  191  12:07  Marine  
  191  12:08  SCV  
  175  12:09  SCV  
  175  12:13  SCV  
  175  12:15  SCV, Marauder, Marine  
  180  12:17  Widow Mine  
  180  12:20  SCV  
  180  12:21  SCV  
  180  12:22  Widow Mine, Marine  
  183  12:25  SCV  
  183  12:27  SCV  
  182  12:31  Marauder x2, Marine x2  
  182  12:32  SCV  
  182  12:33  SCV  
  182  12:35  Widow Mine, Marine  
  193  12:40  Ghost Academy  
  193  12:42  Medivac  
  193  12:44  Widow Mine, Marine x3  
  195  12:47  Marine x2  
  195  12:48  Marauder  
  195  12:51  Refinery  
  197  12:52  Marine  
  197  12:53  Marauder  
  200  12:58  Sensor Tower  
  200  12:59  Planetary Fortress  
  200  13:02  Refinery  
  200  13:10  Terran Infantry Armor Level 3  
  200  13:13  Factory  
  200  13:14  Terran Vehicle Weapons Level 1  
  199  13:25  Command Center  
  199  13:27  Refinery  
  199  13:29  Command Center  
  199  13:33  Marine  
  200  13:41  Factory Tech Lab  
  199  13:48  Widow Mine  
  199  13:55  Command Center x2  
  190  13:56  Ghost  
  190  13:58  Factory Tech Lab  
  190  14:01  Ghost  
  187  14:06  Ghost  
  187  14:09  Siege Tank  
  190  14:12  Widow Mine  
  190  14:13  SCV, Ghost  
  190  14:16  SCV  
  193  14:21  Medivac, Widow Mine  
  193  14:22  Marine  
  189  14:24  Ghost  
  189  14:26  SCV, Marine  
  189  14:29  Ghost  
  192  14:37  Widow Mine  
  192  14:38  Sensor Tower  
  194  14:39  SCV  
  194  14:42  Command Center  
  194  14:43  Missile Turret  
  195  14:46  Siege Tank  
  195  14:49  Ghost  
  200  14:55  Missile Turret x2  
  200  14:56  Personal Cloaking  
  200  15:07  Missile Turret  
  200  15:08  Sensor Tower  
  200  15:09  Missile Turret  
  199  15:19  Planetary Fortress  
  199  15:22  Command Center  
  199  15:25  Ghost  
  199  15:28  Widow Mine, Orbital Command x2  
  198  15:30  Widow Mine  
  198  15:35  Neosteel Armor  
  200  15:36  Terran Vehicle Weapons Level 2  
  200  15:41  Siege Tank  
  193  15:49  Siege Tank  
  177  15:51  Medivac  
  177  15:53  Siege Tank  
  177  15:55  Ghost x2  
  177  15:56  Ghost  
  168  15:58  Marine  
  168  15:59  Marine  
  170  16:04  SCV  
  170  16:07  SCV  
  171  16:14  Siege Tank, Ghost  
  176  16:21  Siege Tank  
  176  16:22  Liberator  
  176  16:23  Ghost x2  
  176  16:24  Ghost  
  188  16:35  Orbital Command  
  188  16:38  Siege Tank  
  191  16:42  Ghost  
  191  16:43  Missile Turret  
  191  16:45  Missile Turret  
  191  16:46  Unknown  
  193  16:50  Siege Tank  
  196  16:58  Siege Tank  
  195  17:04  SCV  
  195  17:05  Ghost  
  193  17:13  Orbital Command  
  193  17:15  Orbital Command  
  193  17:16  Marine x2  
  193  17:17  Missile Turret, Unknown, Marauder  
  193  17:19  Sensor Tower  
  193  17:21  SCV  
  188  17:26  Siege Tank, Ghost  
  188  17:28  SCV  
  173  17:31  SCV  
  173  17:32  SCV  
  172  17:37  SCV  
  172  17:38  Missile Turret  
  172  17:40  SCV, Sensor Tower  
  172  17:41  Missile Turret  
  172  17:43  SCV  
  175  17:47  Siege Tank  
  163  18:03  Missile Turret  
  162  18:05  Planetary Fortress  
  162  18:07  Sensor Tower  
  162  18:08  Siege Tank  
  162  18:10  Marauder, Marine x2  
  162  18:11  Marine x2  
  164  18:13  Siege Tank  
  164  18:14  Ghost  
  164  18:15  Marine  
  164  18:17  Orbital Command  
  166  18:26  Marauder  
  150  18:29  Siege Tank  
  150  18:31  SCV x2  
  150  18:32  SCV, Marine  
  150  18:34  Marine x4  
  155  18:40  Marine, Siege Tank, Orbital Command  
  155  18:41  Marauder  
  161  18:43  Marine  
  161  18:46  Marine x2  
  161  18:47  SCV  
  148  19:01  SCV  
  147  19:04  Siege Tank, Orbital Command  
  147  19:06  SCV x2  
  142  19:11  Siege Tank, Marine  
  142  19:14  SCV  
  144  19:27  Unknown  
  144  19:29  Siege Tank  
  147  19:36  Siege Tank  
  144  19:40  Ghost  
  144  19:47  SCV  
  144  19:52  Missile Turret  
  145  19:53  Sensor Tower  
  145  19:57  Marauder, Marine x5  
  145  19:58  Marine x2  
  154  20:04  SCV x2  
  154  20:06  SCV  
  154  20:08  SCV  
  154  20:10  Sensor Tower  
Tags
 
Add a new tag
Caveats
  • Supply blocks, unpowered buildings, or Contaminate may cause inaccurate times.
  • Supply counts are checked every 10 seconds.